 Dungeon Crawl Stone Soup version 0.15-a0-734-g2b8d6ef (webtiles) character file.

19 PolkaDot the Caller (level 2, -3/19 HPs)
             Began as a Mummy Summoner on May 11, 2014.
             Was an Initiate of Sif Muna.
             Slain by a quokka (4 damage)
             ... on Level 2 of the Dungeon.
             The game lasted 00:03:49 (1351 turns).

PolkaDot the Caller (Mummy Summoner)                Turns: 1351, Time: 00:03:49

HP  -3/19        AC  2     Str 11      XL: 2   Next: 55%
MP   2/4         EV 12     Int 14      God: Sif Muna [......]
Gold 54          SH  0     Dex 12      Spells:  1 memorised,  4 levels left

rFire  x . .     SeeInvis .     j - +1,+0 spear
rCold  + + .     Clarity  .     a - +0 robe
rNeg   + + +     Conserve .     (no shield)
rPois  +         rCorr    .     (no helmet)
rElec  .         rRot     +     (no cloak)
SustAb . .       Spirit   .     (no gloves)
rMut   .         Warding  .     (no boots)
Gourm  .         Stasis   .     (no amulet)
MR     .....                    l - ring of protection from cold
                                d - ring of wizardry

@: not resistant to hostile enchantments, unstealthy
A: no food or potions, fire vulnerability, restore body, cold resistance 1, life
protection 3, poison resistance, torment resistance, unbreathing
a: Renounce Religion


You were on level 2 of the Dungeon.
You worshipped Sif Muna.
Sif Muna was noncommittal.
You were not hungry.

You visited 1 branch of the dungeon, and saw 2 of its levels.

You collected 54 gold pieces.

Inventory:

Hand weapons
 j - a +1,+0 spear (weapon)
Armour
 a - a +0 robe (worn)
Scrolls
 c - a scroll of teleportation {unknown}
 e - 2 scrolls of immolation {unknown}
 f - a scroll of blinking {unknown}
 g - a scroll of fog {unknown}
 h - 2 scrolls of enchant weapon II {unknown}
 i - a scroll of identify {unknown}
 k - a scroll of fear {unknown}
Jewellery
 d - a ring of wizardry (left hand)
 l - a ring of protection from cold (right hand)
Books
 b - a book of Callings

   Spells                             Type                      Level
   *Summon Small Mammal               Summoning                    1
   Call Imp                           Summoning                    2
   Call Canine Familiar               Summoning                    3
   Summon Guardian Golem              Hexes/Summoning              4
   Summon Lightning Spire             Summoning/Air                4
   Summon Ice Beast                   Ice/Summoning                4


   Skills:
 - Level 1.5 Dodging
 - Level 1.5 Stealth
 - Level 2.0 Spellcasting
 + Level 3.9 Summonings


You had 4 spell levels left.
You knew the following spells:

 Your Spells              Type           Power        Failure   Level  Hunger
a - Summon Small Mammal   Summ           ##..         2%          1    N/A

Dungeon Overview and Level Annotations

Branches:
Dungeon (2/15)

Altars:
Sif Muna


Innate Abilities, Weirdness & Mutations

You do not eat or drink.
Your flesh is vulnerable to fire.
Your flesh is cold resistant.
You are immune to negative energy.
Your system is resistant to poisons.
You are immune to unholy pain and torment.
You can survive without breathing.


Message History

Your rat dies!
Your rat's corpse disappears in a puff of smoke!
Attack whom?
Press: ? - help, Dir - move target cursor, f - quokka
Aim: a quokka You reach to attack!
You barely miss the quokka.
Your rat barely misses the quokka.
The quokka bites you.
* * * LOW HITPOINT WARNING * * *
You swap places.
The quokka bites your rat.
Your rat dies!
Your rat's corpse disappears in a puff of smoke!
Your rat closely misses the quokka.
Attack whom?
Press: ? - help, Dir - move target cursor, f/p - quokka
Aim: a quokka You reach to attack!
You barely miss the quokka.
Your rat barely misses the quokka.
Your rat misses the quokka. You open the door. The quokka bites you.
You die...

. #####.###
......... #...
... #... ...
#..# ###
#####..# ### #
#......#######.#
#..'.._r@'.#
#..###r###.#
#..# #.# #
#..###+###.#
#..........#
#.......###
#.....#.#
.###.....#.#
.........#.#


You could see a quokka and a friendly rat.

Vanquished Creatures
  A giant mite (D:1)
  2 goblins
  A ball python (D:1)
  2 bats (D:1)
  3 giant newts (D:1)
  A kobold (D:1)
  3 rats (D:1)
13 creatures vanquished.

Vanquished Creatures (collateral kills)
  2 bats (D:1)
  A giant cockroach (D:1)
  A hobgoblin (D:1)
  A rat (D:1)
5 creatures vanquished.

Vanquished Creatures (others)
  A worm (D:2)
  A bat (D:1)
  4 rats
6 creatures vanquished.

Grand Total: 24 creatures vanquished

Notes
Turn   | Place    | Note
--------------------------------------------------------------
     0 | D:1      | PolkaDot, the Mummy Summoner, began the quest for the Orb.
     0 | D:1      | Reached XP level 1. HP: 13/13 MP: 3/3
   732 | D:1      | Reached XP level 2. HP: 19/19 MP: 2/4
  1335 | D:2      | Found a deep blue altar of Sif Muna.
  1340 | D:2      | Became a worshipper of Sif Muna the Loreminder
  1351 | D:2      | Slain by a quokka

Action                   || total
-------------------------++-------
Melee: Unarmed           ||    31
       Spear             ||    30
 Cast: Summon Small Mamm ||    22
 Stab: Sleeping          ||     2
